 Dungeon Crawl Stone Soup version 0.26.1-13-g052cdd8df3 (webtiles) character file.

Game seed: 7478632794308689025

1001 sankara the Ruffian (level 8, -1/63 HPs)
             Began as a Minotaur Transmuter on Jan 19, 2022.
             Slain by Grinder (5 damage)
             ... on level 5 of the Dungeon.
             The game lasted 00:15:18 (7391 turns).

sankara the Ruffian (Minotaur Transmuter)           Turns: 7391, Time: 00:15:18

Health: -1/63      AC:  2    Str: 16    XL:     8   Next: 0%
Magic:  1/9        EV: 21    Int: 10    God:
Gold:   358        SH:  0    Dex: 17    Spells: 4/10 levels left

rFire    . . .     SeeInvis .     - Unarmed
rCold    . . .     Faith    .   (shield currently unavailable)
rNeg     . . .     Spirit   .   (armour currently unavailable)
rPois    x         Reflect  .   (helmet currently unavailable)
rElec    .         Harm     .   (cloak currently unavailable)
rCorr    .         Rampage  .   (gloves currently unavailable)
Will     .....                  (boots currently unavailable)
Stlth    ++........             (no amulet)
HPRegen  0.20/turn              (no ring)
MPRegen  0.11/turn              (no ring)

@: spider-form, very slightly contaminated
A: tiny, (retaliatory headbutt)
a: End Transformation


You were on level 5 of the Dungeon.
You were a venomous arachnid creature.
You visited 2 branches of the dungeon, and saw 6 of its levels.

You collected 358 gold pieces.

Inventory:

Hand Weapons
 b - a +4 hunting sling (melded)
Missiles
 d - 40 poisoned darts (quivered)
 e - 86 sling bullets
 i - 207 stones
Armour
 o - a +0 pair of boots (melded)
 t - a +2 animal skin (melded)
Jewellery
 v - a +6 ring of intelligence {unknown}
Wands
 s - a wand of random effects (14)
 u - a wand of acid (8)
 y - a wand of paralysis (5)
 z - a wand of flame (18)
Scrolls
 c - 7 scrolls of identify {unknown}
 h - 4 scrolls of remove curse {unknown}
 k - 3 scrolls of magic mapping {unknown}
 l - a scroll of teleportation {unknown}
 m - 2 scrolls of fear {unknown}
 n - a scroll of blinking {unknown}
 p - 3 scrolls of immolation {unknown}
 w - a scroll of random uselessness {unknown}
 x - 2 scrolls of amnesia {unknown}
Potions
 a - 2 potions of curing
 f - 2 potions of heal wounds {unknown}
 g - a potion of degeneration {unknown}
 j - 2 potions of magic {unknown}
 q - 2 potions of resistance {unknown}
 r - a potion of flight {unknown}


   Skills:
 + Level 3.1 Fighting
 + Level 2.0 Throwing
 + Level 3.5 Dodging
 + Level 5.9 Unarmed Combat
 - Level 1.5 Spellcasting
 + Level 4.6 Transmutations
 - Level 3.0 Poison Magic


You had 4 spell levels left.
You knew the following spells:

 Your Spells              Type           Power        Failure   Level
a - Beastly Appendage     Tmut           18%          14%         1
b - Wereblood             Tmut           9%           21%         2
c - Spider Form           Tmut/Pois      4%           41%         3

Your spell library contained the following spells:

 Spells                   Type           Power        Failure   Level
 Summon Small Mammal      Summ           0%           54%         1
 Call Imp                 Summ           0%           67%         2
 Call Canine Familiar     Summ           0%           86%         3
 Summon Guardian Golem    Hex/Summ       0%           86%         3
 Ice Form                 Ice/Tmut       5%           90%         4
 Summon Ice Beast         Ice/Summ       0%           99%         4
 Summon Lightning Spire   Summ/Air       0%           99%         4
 Blade Hands              Tmut           4%           92%         5


Dungeon Overview and Level Annotations

Branches:
Dungeon (5/15)             Temple (1/1) D:4

Altars:
Ashenzari
Cheibriados
Dithmenos
Elyvilon
Hepliaklqana
Makhleb
Nemelex Xobeh
Qazlal
Ru
Sif Muna
Trog
Uskayaw
Vehumet
Wu Jian
Xom
Yredelemnul
Zin
The Shining One

Annotations:
D:3 1 runed translucent door, emiel's ghost, amateur DsEE
D:5 Grinder; Menkaure


Innate Abilities, Weirdness & Mutations

((You reflexively headbutt those who attack you in melee.))
((You have a pair of horns on your head.))


Message History

The hobgoblin shouts!
Something hits you but does no damage. The goblin barely misses you.
The hobgoblin closely misses you. The goblin closely misses you.
Casting: Spider Form (dangerous; 21% risk of failure)
Confirm with . or Enter, or press ? or * to list all spells.
You turn into a venomous arachnid creature.
Your +4 hunting sling melds into your body.
Your +0 pair of boots melds into your body.
Your +2 animal skin melds into your body.
Something hits you. The goblin hits you but does no damage.
The hobgoblin hits you with a +0 club!
* * * LOW HITPOINT WARNING * * *
The goblin closely misses you.
You barely miss something. Something hits you!
* * * LOW HITPOINT WARNING * * *
The goblin misses you. The goblin closely misses you.
The hobgoblin completely misses you.
Unknown command.
You bite something! Something hits you.
You die...

.≈≈≈......≈≈≈.≈≈.≈≈≈≈≈≈≈.≈≈.≈≈≈.≈
≈≈≈≈.....≈≈≈≈≈≈≈≈≈≈≈≈≈≈≈≈≈≈≈≈≈≈≈≈
≈≈≈≈.....≈≈≈≈≈≈≈≈≈≈≈≈≈≈≈≈≈≈≈≈≈≈≈≈
≈≈≈≈....≈≈≈≈≈≈≈≈≈≈≈≈≈≈≈≈≈≈≈≈≈≈≈≈≈
#####)'##########################
#....# ...[..#.....## #....#
......)......##
##....#########g......#
..#......#......sgg.....#
..'.....†'......g{......'
..#......#..............#
####....#########.......# #....#
'......## #....# #.....## ######
#######


You could see 2 hobgoblins and 2 goblins.

Vanquished Creatures
  An orc warrior (D:5)
  A sky beast (D:5)
  A centaur (D:3)
  Blork the orc (D:5)
  A scorpion (D:5)
  2 hounds (D:4)
  2 orc priests (D:4)
  3 orc wizards
  An iguana (D:5)
  2 worker ants
  Robin (D:1)
  13 adders
  A gnoll (D:2)
  An ufetubus (D:5)
  An ooze (D:5)
  2 adder zombies (D:5)
  4 worms
  An adder skeleton (D:4)
  3 dart slugs
  2 leopard geckos
  34 orcs
  7 ball pythons
  2 giant cockroaches
  20 goblins
  12 hobgoblins
  3 quokkas
  A ball python skeleton (D:4)
  8 bats
  3 frilled lizards
  5 kobolds
  A quokka zombie (D:5)
  7 rats
147 creatures vanquished.

Notes
Turn   | Place    | Note
-------+----------+-------------------------------------------
     0 | D:1      | sankara the Minotaur Transmuter began the quest for the
                  | Orb.
     0 | D:1      | Reached XP level 1. HP: 16/16 MP: 1/1
   231 | D:1      | Reached XP level 2. HP: 23/23 MP: 1/3
   270 | D:1      | Learned a level 2 spell: Wereblood
  1044 | D:2      | Reached skill level 1 in Throwing
  1101 | D:2      | Reached XP level 3. HP: 28/28 MP: 2/4
  1242 | D:2      | Reached skill level 4 in Unarmed Combat
  1243 | D:2      | Noticed Robin
  1521 | D:1      | Killed Robin
  1522 | D:1      | Reached XP level 4. HP: 6/35 MP: 3/5
  1782 | D:1      | Learned a level 3 spell: Spider Form
  1904 | D:2      | Found a sparkling altar of Nemelex Xobeh.
  2503 | D:2      | You fall into a shaft and drop 2 floors!
  2539 | D:4      | Reached skill level 1 in Poison Magic
  3008 | D:4      | Reached XP level 5. HP: 15/40 MP: 1/6
  3544 | D:3      | Found a burning altar of Makhleb.
  3811 | D:3      | Found a runed translucent door.
  3907 | D:3      | Noticed emiel's ghost (amateur DsEE)
  3962 | D:3      | Noticed a centaur
  3973 | D:3      | Killed a centaur
  3974 | D:3      | Reached XP level 6. HP: 45/47 MP: 4/7
  4021 | D:3      | Found an ornate altar of the Wu Jian Council.
  5417 | D:4      | Reached skill level 5 in Unarmed Combat
  5848 | D:4      | Found a staircase to the Ecumenical Temple.
  5856 | Temple   | Entered the Ecumenical Temple
  6163 | D:5      | Entered Level 5 of the Dungeon
  6170 | D:5      | Reached XP level 7. HP: 52/52 MP: 4/8
  6204 | D:5      | Noticed Menkaure
  6924 | D:5      | Found a glowing golden altar of the Shining One.
  7120 | D:5      | Noticed Blork the orc
  7210 | D:5      | Killed Blork the orc
  7368 | D:5      | Noticed Grinder
  7375 | D:5      | Paralysed by Grinder for 2 turns
  7382 | D:5      | Reached XP level 8. HP: 50/63 MP: 6/9
  7391 | D:5      | Slain by Grinder

Illustrated notes

Levels and vault maps discovered:
D:1:      eino_arrival_water_cross, layout_loops_ring
D:2:      layout_rooms, nemelex_xobeh_ov_fountains_minmay, dk_noncrumbling_4,
          st_stairs_9, uniq_robin
D:3:      layout_rooms, nzn_wu_jian_contemplation, lemuel_crystal_altar,
          gammafunk_ghost_grave, minmay_snake_closets
D:4:      layout_gridville, minmay_temple_entry_offerings
D:5:      minmay_goblin_kobold_castle, layout_rooms,
          nicolae_tso_swordbearing_angel, nrook_mini_vaults, uniq_menkaure,
          uniq_grinder, uniq_blork_the_orc
Temple:   nicolae_temple_great_sept

Skill      XL: |  1  2  3  4  5  6  7 |
---------------+----------------------+-----
Transmutations | 2 3 4 |  4.6
Throwing       | 1 2 |  2.0
Unarmed Combat | 4 5 |  5.9
Poison Magic   | 1 2 3 |  3.0
Fighting       | 3 |  3.1
Dodging        | 3 |  3.5
Spellcasting   | |  1.5

Action                   |  1- 3 |  4- 6 |  7- 9 || total
-------------------------+-------+-------+-------++-------
Melee: Unarmed           |    83 |   202 |    98 ||   383
       Kick              |    15 |    22 |       ||    37
       Headbutt          |     7 |    16 |       ||    23
       Punch             |     1 |     3 |       ||     4
 Fire: Hunting sling     |       |       |    40 ||    40
Throw: Dart              |       |     5 |       ||     5
 Cast: Beastly Appendage |    25 |    26 |       ||    51
       Spider Form       |       |    18 |    15 ||    33
       Wereblood         |       |     1 |       ||     1
  Use: Potion            |     1 |       |       ||     1
Armor: Robe              |     9 |     7 |       ||    16
       Skin              |       |     2 |     4 ||     6
       Animal skin       |       |     7 |    10 ||    17
Dodge: Dodged            |    40 |   142 |   109 ||   291
